 Dungeon Crawl Stone Soup version 0.30-a0-596-g0af90f9a20 (webtiles) character file.

Game seed: 6076971585612676082

28665 testman the Summoner (level 13, -21/58 HPs)
             Began as a Felid Summoner on Jan 5, 2023.
             Was the Champion of Hepliaklqana.
             Killed from afar by a hell knight (41 damage)
             ... with a bolt of fire
             ... in a volcano on Jan 6, 2023.
             The game lasted 02:49:39 (19328 turns).

testman the Summoner (Felid Summoner)              Turns: 19328, Time: 02:49:39

Health: -21/58     AC:  3    Str:  6    XL:     13   Next: 11%
Magic:  37/38      EV: 22    Int: 26    God:    Hepliaklqana [******]
Gold:   888        SH:  0    Dex: 18    Spells: 13/35 levels left
                                        Lives:  0   Deaths: 3

rFire   . . .      SeeInvis +    (weapon unavailable)
rCold   + + .      Faith    .    (shield unavailable)
rNeg    . . .      Spirit   .    (body armour unavailable)
rPois   .          Reflect  .    (helmet unavailable)
rElec   .          Harm     .    (cloak unavailable)
rCorr   .          Rampage  .    (gloves unavailable)
Will    +....                    (boots unavailable)
Stlth   ++                       d - amulet of magic regeneration
HPRegen 0.29/turn                C - ring of wizardry
MPRegen 0.66/turn                R - ring of Fun {rC+ MP+9 Str+2 Int+6 Slay+3}

@: forested, on blink cooldown, quick
A: reduced essence, very small, claws 1, fangs 3, see invisible, speed 1, shaggy
fur 3, stealthy paws, no weapons or thrown items, no armour, multi-lived,
subdued magic 1
a: Renounce Religion, Recall Ancestor, Ancestor Identity, Transference, Idealise


You were in a volcano.
You worshipped Hepliaklqana.
Hepliaklqana was exalted by your worship.
You visited 2 branches of the dungeon, and saw 18 of its levels.
You visited the Abyss 1 time.
You also visited: Ossuary, Bailey and Volcano.

You collected 1698 gold pieces.
You spent 810 gold pieces at shops.

Inventory:

Jewellery
 d - an amulet of magic regeneration (around neck)
 e - an amulet of the acrobat
 g - an amulet of reflection
 l - the ring of Vodka {rElec rF+ Str+4 SInv}
   (You took it off a deep elf pyromancer on level 7 of the Dungeon)

   [ring of see invisible]

   Str:       It affects your strength (+4).
   rF:        It protects you from fire.
   rElec:     It insulates you from electricity.
   SInv:      It lets you see invisible.
 y - a ring of fire
 C - a ring of wizardry (left paw)
 O - a +5 ring of evasion
 Q - a ring of positive energy
 R - the ring of Fun (right paw) {rC+ MP+9 Str+2 Int+6 Slay+3}
   (You found it on level 12 of the Dungeon)

   [ring of intelligence]

   Str:       It affects your strength (+2).
   Int:       It affects your intelligence (+6).
   Slay:      It affects your accuracy & damage with ranged weapons and melee
   (+3).
   rC:        It protects you from cold.
   MP:        It affects your magic capacity (+9).
Wands
 m - a wand of flame (23)
 q - a wand of roots (16)
 z - a wand of polymorph (24)
 H - a wand of acid (5)
 J - a wand of mindburst (9)
 T - a wand of charming (3)
Scrolls
 f - 13 scrolls of teleportation {unknown}
 i - 6 scrolls of fear
 j - 2 scrolls of amnesia
 t - 2 scrolls of fog
 x - a scroll of immolation
 A - 2 scrolls of vulnerability
 G - 3 scrolls of blinking
 P - 3 scrolls of summoning
Potions
 a - 4 potions of magic
 b - 2 potions of cancellation
 c - 3 potions of brilliance
 h - a potion of invisibility
 n - 4 potions of haste
 o - 3 potions of might
 p - a potion of mutation
 r - 3 potions of curing
 s - 3 potions of flight
 u - 2 potions of attraction
 v - a potion of resistance
 w - 4 potions of heal wounds
 I - 3 potions of degeneration {unknown}
 K - a potion of ambrosia
 N - a potion of berserk rage
Miscellaneous
 D - a condenser vane
 E - a phantom mirror
 F - a phial of floods


   Skills:
 + Level 12.5 Fighting
 - Level 7.4 Dodging
 - Level 2.6 Stealth
 + Level 11.7 Spellcasting
 - Level 9.0 Hexes
 + Level 13.2 Summonings
 + Level 6.8 Translocations
 - Level 12.1 Invocations


You had 13 spell levels left.
You knew the following spells:

 Your Spells              Type           Power      Damage    Failure   Level
a - Summon Small Mammal   Summ           100%       N/A       0%          1
b - Call Imp              Summ           59%        N/A       0%          2
c - Call Canine Familiar  Summ           59%        N/A       0%          3
d - Blink                 Tloc           78%        N/A       1%          2
e - Summon Guardian Gole  Hex/Summ       54%        N/A       1%          3
f - Summon Forest         Summ/Tloc      25%        N/A       1%          5
g - Summon Cactus Giant   Summ           29%        N/A       1%          6

Your spell library contained the following spells:

 Spells                   Type           Power      Damage    Failure   Level
 Apportation              Tloc           78%        N/A       1%          1
 Freeze                   Ice            44%        1d6       1%          1
 Kiss of Death            Conj/Necr      44%        2d8       1%          1
 Magic Dart               Conj           44%        1d5       1%          1
 Necrotise                Necr           44%        1d6       1%          1
 Slow                     Hex            100%       N/A       1%          1
 Sting                    Tmut/Pois      44%        1d5       1%          1
 Momentum Strike          Conj/Tloc      50%        3d9       1%          2
 Poisonous Vapours        Pois/Air       22%        N/A       1%          2
 Scorch                   Fire           22%        2d6       1%          2
 Searing Ray              Conj           22%        2d5       1%          2
 Confusing Touch          Hex            48%        N/A       1%          3
 Lesser Beckoning         Tloc           78%        N/A       1%          3
 Teleport Other           Tloc           39%        N/A       1%          3
 Tukima's Dance           Hex            48%        N/A       1%          3
 Fulminant Prism          Conj/Hex       14%        3d9       1%          4
 Summon Lightning Spire   Summ/Air       38%        N/A       1%          4
 Summon Mana Viper        Hex/Summ       54%        N/A       1%          5
 Hailstorm                Conj/Ice       11%        3d5       4%          3
 Ignite Poison            Fire/Tmut/Pois 11%        N/A       4%          3
 Stone Arrow              Conj/Erth      22%        3d8       4%          3
 Vampiric Draining        Necr           11%        2d6       4%          3
 Dispel Undead            Necr           11%        3d9       13%         4
 Flame Wave               Conj/Fire      11%        2d6       13%         4
 Olgreb's Toxic Radiance  Pois           11%        N/A       13%         4
 Malign Gateway           Summ/Tloc      25%        N/A       19%         7
 Agony                    Necr           11%        N/A       34%         5
 Alistair's Intoxication  Tmut/Pois      7%         N/A       34%         5
 Blade Hands              Tmut           5%         N/A       34%         5
 Summon Horrible Things   Summ           29%        N/A       36%         8
 Spellforged Servitor     Conj/Summ      19%        N/A       58%         7
 Conjure Ball Lightning   Conj/Air       5%         3x3d6     89%         6
 Discord                  Hex            24%        N/A       89%         8
 Disjunction              Tloc           19%        N/A       99%         8
 Orb of Destruction       Conj           5%         9d5       100%        7
 Lehudib's Crystal Spear  Conj/Erth      5%         10d3      100%        8
 Portal Projectile        Hex/Tloc       Unusable   N/A       N/A         3
 Animate Armour           Summ/Erth      Unusable   N/A       N/A         4

Dungeon Overview and Level Annotations

Branches:
Dungeon (15/15)            Temple (0/1) D:4            Lair (3/5) D:9
  Swamp (0/4) Lair:2        Snake (0/4) Lair:2          Orc (0/2) D:10
 Vaults (0/5) D:13         Depths (0/4) D:15        Ossuary (visited)
 Bailey (visited)         Volcano (1/1)

Altars:
Hepliaklqana
Makhleb
Nemelex Xobeh
Okawaru
Qazlal
Ru
Trog
Wu Jian
Xom
Zin

Shops:
D:8 :   D:10 *

Annotations:
D:7 1 runed translucent door
D:15 Nessos


Innate Abilities, Weirdness & Mutations

Your life essence is reduced to manifest your ancestor. (-10% HP)
You have sharp claws.
You have razor-sharp teeth.
You have supernaturally acute eyesight. (SInv)
You cover ground quickly. (Speed+)
Your thick and shaggy fur keeps you warm. (AC +3, rC+)
Your paws help you pounce on unaware monsters.
You are incapable of wielding weapons or throwing items.
You cannot wear armour.
You gain extra lives every three experience levels.
Your spells are a little easier to cast, but a little less powerful.


Message History

Your dryad calls out to the forest.
The forest starts to sway and rumble!
The hell knight is hit by a branch!
The molten gargoyle is hit by a branch!
The ogre mage mumbles some strange words.
The ogre mage flickers and vanishes for a moment.
The molten gargoyle is hit by a branch!
A root smacks the molten gargoyle from below!
A root smacks the molten gargoyle from below!
The molten gargoyle is destroyed!
Branches wave dangerously above you.
The ogre mage is hit by a branch!
A root smacks the ogre mage from below!
A tree reaches out and hits the two-headed ogre!
A tree reaches out and hits the ogre mage!
A tree reaches out but misses the ogre mage.
The ogre mage is waved at by a branch.
The forest calms down.
Your cactus giant disappears in a puff of smoke!
There are monsters nearby!
Casting: Summon Forest (dangerous; 1% risk of failure)
Confirm with . or Enter, or press ? or * to list all spells.
You can only summon one forest at a time.
The hell knight prays to its god.
The hell knight blinks!
The hell knight hits you with a +2 great mace of flaming.
The hell knight burns you.
Your guardian golem disappears in a puff of smoke!
The hell knight hits you with a +2 great mace of flaming!
The hell knight burns you.
The hell knight attacks as you move away!
The hell knight hits you with a +2 great mace of flaming!
The hell knight burns you.
Your white imp hits the hell knight but does no damage.
Your dryad hits the hell knight. The hell knight closely misses you.
Casting: Summon Forest (dangerous; 1% risk of failure)
Confirm with . or Enter, or press ? or * to list all spells.
You blink.
Your warg bites the hell knight.
The hell knight calls down the wrath of its god upon you.
The bolt of fire hits your warg!! The bolt of fire hits you!!!
Ouch! That really hurt!
You die...

###.....§.§
#...##....
#8.8# ..
##.## #.#
##'♣♣♣###♣#
#...##....#♣
+.∩.'.hp§..#
#..@♣.5R.8$#
##+#♣§.)..$♣
##....##
♣♣8### )OO♣
'$$[.
##♣#♣##


You could see a hell knight (fast, ally target) and a friendly warg (summoned).

Vanquished Creatures
  An ugly thing (D:13)
  A black mamba (Lair:2)
  A slime creature (D:14)
  An orc warrior (D:13)
  An ice beast (D:6)
  2 killer bees
  2 hexers
  An iguana (D:6)
  A mummy (Ossuary)
  2 adders
  An adder zombie (Ossuary)
  A worm (D:5)
  3 dart slugs
  6 orcs
  9 ball pythons
  3 endoplasms
  6 hobgoblins
  3 kobolds
  2 quokkas
  3 bats
  2 frilled lizards
  A gnoll zombie (Ossuary)
  3 goblins
  3 jackal zombies (Ossuary)
  A kobold zombie (Ossuary)
  A quokka zombie (Ossuary)
  4 rats
65 creatures vanquished.

Vanquished Creatures (collateral kills)
  Gastronok (D:11)
  A frost giant (D:15)
  The ghost of Mexzoddasi the Bludgeoner, a journeyman MiBe of Trog (D:13)
  The ghost of IdlyInterested the Slicer, a journeyman DsBe of Trog (D:12)
  2 vault guards (D:13)
  3 hydras
  A centaur warrior (D:13)
  A rakshasa (D:15)
  10 two-headed ogres
  4 tengu warriors
  A dancing weapon (D:13)
  A death knight (D:15)
  Sonja (Lair:1)
  7 skeletal warriors
  An orc knight (D:13)
  A wizard (D:13)
  2 deep elf pyromancers
  2 necromancers (D:13)
  A wolf spider (D:15)
  An orc sorcerer (D:13)
  5 cyclopes
  An oklob plant (Lair:2)
  4 ugly things
  A manticore (D:7)
  6 elephants (Lair:2)
  A black mamba (Lair:2)
  A molten gargoyle (Volcano)
  3 gargoyles
  5 cane toads
  3 freezing wraiths
  2 kobold demonologists
  5 komodo dragons
  2 polar bears
  2 trolls
  A wolf spider simulacrum (D:14)
  Prince Ribbit (Lair:1)
  A hornet (D:9)
  13 blink frogs
  8 slime creatures
  A vampire (D:9)
  2 shadows
  18 humans (D:13)
  6 fire bats (Volcano)
  2 wyverns
  Grum (D:9)
  A wraith (D:14)
  A basilisk (D:14)
  A steam dragon (D:9)
  9 yaks
  6 neqoxecs (D:12)
  3 vampire mosquitoes
  2 swamp worms (Lair:2)
  3 acid dragons
  4 water moccasins
  3 nameless horrors
  3 sky beasts
  9 orc warriors
  2 ice beasts
  2 black bears (Lair:2)
  3 ogres
  8 wolves
  6 centaurs
  A phantom (D:5)
  9 kobold brigands
  3 bullfrogs
  4 necrophages
  4 scorpions
  A wight (D:7)
  10 killer bees
  4 howler monkeys
  2 electric eels
  A centaur zombie (Ossuary)
  6 lava snakes (Volcano)
  4 hounds
  2 quasits (D:12)
  2 human zombies (Ossuary)
  2 jellies
  5 orc priests
  A gnoll bouda (D:9)
  Ijyb (D:5)
  4 iguanas
  Natasha (thrice) (D:4)
  15 orc wizards
  A hound zombie (Ossuary)
  2 mummies (Ossuary)
  11 gnolls
  4 adders
  2 shadow imps (D:6)
  A white imp (D:6)
  3 ufetubi
  2 worms
  2 dart slugs
  45 orcs
  A bat (D:2)
  A giant cockroach (D:2)
  4 gnoll zombies (Ossuary)
  4 goblins
  3 hobgoblins
  4 jackals
  2 quokkas
  4 ball pythons
  A frilled lizard (D:3)
  3 goblin zombies (Ossuary)
  2 hobgoblin zombies (Ossuary)
  3 jackal zombies (Ossuary)
  10 kobolds
  3 kobold zombies (Ossuary)
  An orc zombie (Ossuary)
  3 quokka zombies (Ossuary)
  3 rats
  A rat zombie (Ossuary)
414 creatures vanquished.

Vanquished Creatures (others)
  A vault guard (D:13)
  A boulder beetle (D:7)
  2 tengu warriors
  4 skeletal warriors
  2 ugly things (D:7)
  A komodo dragon (Lair:2)
  2 yaks (Lair:2)
  A wraith (D:7)
  Menkaure (D:5)
  2 orc warriors (Bailey)
  An ice beast (D:5)
  An ogre (D:7)
  2 wolves (Lair:2)
  A gnoll sergeant (D:7)
  2 killer bees (D:8)
  An orc wizard (D:6)
  23 hexers
  6 fungi
  28 plants
  6 snaplasher vines
88 creatures vanquished.

Grand Total: 567 creatures vanquished

Notes
Turn   | Place    | Note
-------+----------+-------------------------------------------
     0 | D:1      | testman the Felid Summoner began the quest for the Orb.
     0 | D:1      | Reached XP level 1. HP: 7/7 MP: 4/4
   133 | D:1      | Reached XP level 2. HP: 12/12 MP: 6/6
   136 | D:1      | Learned a level 2 spell: Call Imp
   295 | D:1      | Reached skill level 1 in Fighting
   600 | D:1      | Reached XP level 3. HP: 15/15 MP: 7/7
   609 | D:1      | Learned a level 3 spell: Call Canine Familiar
   976 | D:2      | Reached XP level 4. HP: 18/19 MP: 4/9
  1143 | D:2      | Found a faded altar of an unknown god.
  1159 | D:2      | Prayed at the altar of an unknown god.
  1159 | D:2      | Became a worshipper of Hepliaklqana the Forgotten
  1159 | D:2      | Reached * piety under Hepliaklqana
  2106 | D:3      | Reached skill level 1 in Translocations
  2129 | D:3      | Reached XP level 5. HP: 20/20 MP: 7/10
  2132 | D:3      | Learned a level 2 spell: Blink
  2444 | D:4      | Reached ** piety under Hepliaklqana
  2445 | D:4      | Remembered your ancestor Dejan as a hexer
  2460 | D:4      | Reached skill level 1 in Hexes
  2460 | D:4      | Reached skill level 1 in Invocations
  2496 | D:4      | Found a staircase to the Ecumenical Temple.
  2513 | D:4      | Reached skill level 5 in Summonings
  2574 | D:4      | Noticed Natasha
  2584 | D:4      | Killed Natasha
  2585 | D:4      | Gained mutation: You are covered in thick fur. (AC +2)
                  | [Felid growth]
  2585 | D:4      | Reached XP level 6. HP: 7/24 MP: 3/12
  2686 | D:4      | Learned a level 3 spell: Summon Guardian Golem
  2803 | D:4      | Noticed Natasha
  2809 | D:4      | Killed Natasha
  2840 | D:4      | Noticed Natasha
  2849 | D:4      | Killed Natasha
  3039 | D:5      | Entered Level 5 of the Dungeon
  3039 | D:5      | Noticed Ijyb
  3055 | D:5      | Killed Ijyb
  3056 | D:5      | Reached XP level 7. HP: 27/27 MP: 1/13
  3084 | D:5      | Found a sand-covered staircase.
  3088 | Ossuary  | Entered an ossuary
  4647 | D:5      | Reached XP level 8. HP: 32/32 MP: 8/15
  4700 | D:5      | Reached *** piety under Hepliaklqana
  4817 | D:5      | Noticed Menkaure
  4831 | D:5      | Killed Menkaure
  4832 | D:5      | Reached skill level 5 in Hexes
  4832 | D:5      | Reached skill level 6 in Summonings
  5950 | D:6      | Reached skill level 5 in Spellcasting
  6424 | D:7      | Reached XP level 9. HP: 36/36 MP: 7/17
  6458 | D:7      | Reached skill level 5 in Fighting
  6587 | D:7      | Reached **** piety under Hepliaklqana
  6691 | D:7      | Noticed a moth of wrath
  6694 | D:7      | Found a bloodstained altar of Trog.
  6858 | D:7      | Reached skill level 5 in Dodging
  7059 | D:7      | Reached skill level 7 in Summonings
  7114 | D:7      | Noticed a deep elf pyromancer
  7115 | D:7      | Noticed a boulder beetle
  7127 | D:7      | Noticed a purple ugly thing
  7139 | D:7      | Noticed a brown ugly thing
  7139 | D:7      | Noticed a manticore
  7140 | D:7      | Identified the ring of Vodka {rElec rF+ Str+4 SInv}
  7142 | D:7      | Noticed a skeletal warrior
  7143 | D:7      | Killed a purple ugly thing
  7144 | D:7      | Reached skill level 5 in Invocations
  7149 | D:7      | Killed a manticore
  7149 | D:7      | Killed a deep elf pyromancer
  7150 | D:7      | Reached XP level 10. HP: 26/40 MP: 1/19
  7339 | D:7      | Killed a brown ugly thing
  7580 | D:7      | Killed a skeletal warrior
  7919 | D:7      | Killed a boulder beetle
  8065 | D:7      | Got the Folio of Cold
  8074 | D:7      | Got the Textbook on the Spatial Inferno
  8134 | D:7      | Learned a level 5 spell: Summon Forest
  8136 | D:7      | Found a runed translucent door.
  8136 | D:7      | Found a runed translucent door.
  8147 | D:7      | Reached skill level 8 in Summonings
  8463 | D:8      | Found a flagged portal.
  8478 | D:8      | Learned a level 6 spell: Summon Cactus Giant
  8480 | Bailey   | Entered a bailey
  8795 | Bailey   | Found an iron altar of Okawaru.
  9012 | D:8      | Found Ywoaf's Book Shop.
  9292 | D:8      | Found a glowing silver altar of Zin.
  9502 | D:9      | Reached XP level 11. HP: 45/45 MP: 18/22
  9552 | D:9      | Noticed a two-headed ogre
  9578 | D:9      | Killed a two-headed ogre
  9787 | D:9      | Found a stormy altar of Qazlal.
 10040 | D:9      | Noticed a two-headed ogre
 10045 | D:9      | Killed a two-headed ogre
 10046 | D:9      | Reached skill level 9 in Summonings
 10051 | D:9      | Noticed a two-headed ogre
 10170 | D:9      | Noticed Grum
 10182 | D:9      | Killed Grum
 10439 | D:9      | Killed a two-headed ogre
 10543 | D:9      | Found a staircase to the Lair.
 10601 | D:9      | Reached ***** piety under Hepliaklqana
 10807 | D:10     | Entered Level 10 of the Dungeon
 10861 | D:10     | Noticed a two-headed ogre
 10868 | D:10     | Killed a two-headed ogre
 10920 | D:10     | Found a hazy altar of Hepliaklqana.
 10920 | D:10     | Found a sacrificial altar of Ru.
 10920 | D:10     | Found an iron altar of Okawaru.
 10927 | D:10     | Found a burning altar of Makhleb.
 10931 | D:10     | Found a shimmering altar of Xom.
 10934 | D:10     | Found a sparkling altar of Nemelex Xobeh.
 10935 | D:10     | Found an ornate altar of the Wu Jian Council.
 11188 | D:10     | Found Geidduev's Assorted Antiques.
 11197 | D:10     | Bought a scroll of identify for 78 gold pieces
 11197 | D:10     | Bought a scroll of identify for 78 gold pieces
 11197 | D:10     | Bought a scroll of identify for 78 gold pieces
 11224 | D:10     | Found a staircase to the Orcish Mines.
 11234 | D:10     | Noticed a two-headed ogre
 11253 | D:10     | Killed a two-headed ogre
 11566 | D:11     | Noticed a two-headed ogre
 11574 | D:11     | Killed a two-headed ogre
 11628 | D:11     | Noticed a two-headed ogre
 11644 | D:11     | Killed a two-headed ogre
 11645 | D:11     | Gained mutation: Your thick and shaggy fur keeps you warm.
                  | (AC +3, rC+) [Felid growth]
 11645 | D:11     | Reached XP level 12. HP: 50/50 MP: 18/25
 11712 | D:11     | Reached skill level 10 in Summonings
 11868 | D:11     | Noticed a two-headed ogre
 11872 | D:11     | Killed a two-headed ogre
 11929 | D:11     | Noticed Gastronok
 11941 | D:11     | HP: 1/51 [Gastronok/the air (24)]
 11949 | D:11     | Killed Gastronok
 12080 | D:11     | Noticed a two-headed ogre
 12095 | D:11     | Killed a two-headed ogre
 13010 | D:12     | Found a transporter.
 13013 | D:12     | Noticed IdlyInterested's ghost (journeyman DsBe)
 13112 | D:12     | Found a transporter.
 13335 | D:13     | Found a runed translucent door.
 13335 | D:13     | Found a shimmering altar of Xom.
 13335 | D:13     | Noticed Mexzoddasi's ghost (journeyman MiBe)
 13336 | D:13     | Identified the +9 trident of Ahuid {chaos, *Slow rElec
                  | Int+8 Dex+2}
 13451 | D:13     | Reached skill level 10 in Fighting
 13460 | D:13     | Killed Mexzoddasi's ghost
 13688 | D:13     | Noticed a centaur warrior
 13693 | D:13     | Shot with an arrow by a centaur
 13694 | D:13     | Reached XP level 11. HP: -7/48 MP: 12/25
 13694 | D:13     | Killed a centaur warrior
 13695 | D:13     | Reached skill level 11 in Summonings
 13753 | D:13     | Noticed a five-headed hydra
 13764 | D:13     | Killed a five-headed hydra
 13765 | D:13     | Reached skill level 10 in Invocations
 13794 | D:13     | Noticed an orc sorcerer
 13798 | D:13     | Noticed an orc knight
 13803 | D:13     | Killed an orc sorcerer
 13804 | D:13     | Reached XP level 12. HP: 52/52 MP: 19/26
 13956 | D:13     | Noticed a tengu warrior
 13968 | D:13     | Killed a tengu warrior
 14015 | D:13     | Reached skill level 10 in Spellcasting
 14178 | D:13     | Noticed a vault guard
 14188 | D:13     | Killed a vault guard
 14433 | D:13     | Noticed a vault guard
 14443 | D:13     | Killed a vault guard
 14491 | D:13     | Noticed a vault guard
 14500 | D:13     | Killed a vault guard
 14518 | D:13     | Found a gate to the Vaults.
 14673 | D:14     | Noticed a tengu warrior
 14673 | D:14     | Noticed a tengu warrior
 14765 | D:14     | Reached ****** piety under Hepliaklqana
 14869 | D:14     | Killed a tengu warrior
 14870 | D:14     | Reached XP level 13. HP: 22/56 MP: 5/28
 15128 | D:14     | Reached skill level 12 in Summonings
 15553 | D:14     | Found a sparkling altar of Nemelex Xobeh.
 15787 | D:15     | Entered Level 15 of the Dungeon
 16015 | D:15     | Noticed a frost giant
 16024 | D:15     | Killed a frost giant
 16093 | D:15     | Found a staircase to the Depths.
 16184 | D:15     | Collided with a cactus giant
 16185 | D:15     | Reached XP level 12. HP: -1/54 MP: 15/28
 16207 | D:15     | Killed a rakshasa
 16305 | D:15     | Noticed Nessos
 16466 | D:15     | Shot with an arrow by Nessos
 16467 | D:15     | Reached XP level 11. HP: -2/51 MP: 16/27
 16613 | D:8      | Bought the Handbook of the Combined Snake for 576 gold
                  | pieces
 16738 | D:12     | Gained mutation: Your spells are a little easier to cast,
                  | but a little less powerful. [a neqoxec]
 16744 | D:12     | Killed IdlyInterested's ghost
 16783 | D:12     | Got the ring of Fun {rC+ MP+9 Str+2 Int+6 Slay+3}
 16867 | Lair:1   | Entered Level 1 of the Lair of Beasts
 16868 | Lair:1   | Upgraded the game from 0.30-a0-591-g3c58d2bc28 to
                  | 0.30-a0-596-g0af90f9a20
 16915 | Lair:1   | Noticed Sonja
 16924 | Abyss:2  | Cast into level 2 of the Abyss (Sonja)
 17039 | Abyss:2  | Noticed a death drake
 17066 | Lair:1   | Escaped the Abyss
 17076 | Lair:1   | Killed Sonja
 17077 | Lair:1   | Reached XP level 12. HP: 38/54 MP: 21/28
 17249 | Lair:1   | Noticed Prince Ribbit
 17263 | Lair:1   | Killed Prince Ribbit
 18198 | Lair:2   | Reached skill level 5 in Translocations
 18337 | Lair:2   | Noticed a four-headed hydra
 18344 | Lair:2   | Killed a four-headed hydra
 18384 | Lair:2   | Noticed a four-headed hydra
 18391 | Lair:2   | Killed a four-headed hydra
 18392 | Lair:2   | Reached skill level 13 in Summonings
 18410 | Lair:2   | Found a staircase to the Swamp.
 18557 | Lair:2   | Found a staircase to the Snake Pit.
 19026 | Lair:3   | Reached XP level 13. HP: 51/58 MP: 23/29
 19077 | Lair:3   | Found a dark tunnel.
 19090 | Volcano  | Entered a volcano
 19328 | Volcano  | Killed from afar by a hell knight

Illustrated notes

Levels and vault maps discovered:
D:1:      shiori_arrival_oz, layout_basic, minmay_misc_feat_ornament,
          hangedman_decor_growths, nrook_loot_triangle, minmay_box_of_dots
D:2:      minmay_evil_eye, layout_rooms, basic_ecumenical_altar
D:3:      layout_rooms
D:4:      layout_cave_pools, minmay_temple_entry_tees, mrwooster_statue_mirror,
          uniq_natasha
D:5:      layout_basic, enter_ossuary_5, wad_floor_pattern_untrapped,
          minmay_stone_trees_medium, uniq_ijyb, uniq_menkaure
D:6:      layout_basic, chequers_garden
D:7:      minmay_the_grid_triangle_9x9_recursive_2
          [minmay_the_grid_triangle_9x9_prize_schism,
          minmay_the_grid_triangle_9x9_tough_junction,
          minmay_the_grid_triangle_9x9_windchime,
          minmay_the_grid_triangle_9x9_semitri], layout_basic, tgw_trog,
          kennysheep_generic_room_13
D:8:      layout_rooms, mainiacjoe_overflow_alcove_2, serial_shops, shop,
          enter_bailey_8
D:9:      layout_long_grid, mainiacjoe_overflow_catwalk, lair_entry_dummy,
          hangedman_decor_lopped, kennysheep_opposing_triangles, uniq_grum
D:10:     layout_cave_pools, nicolae_overflow_hallway_of_the_gods, erik_orc_3,
          serial_shops, nicolae_lakefront_shop
D:11:     layout_loops_ring, uniq_gastronok
D:12:     layout_roguey, gammafunk_ghost_stat_death
D:13:     layout_cave_pods, grunt_vaults_entry_tiered, ebering_ghost_xom
D:14:     layout_small_grid, nemelex_xobeh_ov_fountains_minmay
D:15:     grunt_enter_depths_snipers, layout_basic, serial_park_tiny_2,
          uniq_nessos
Lair:1:   layout_regular_city, uniq_prince_ribbit2, uniq_sonja
Lair:2:   layout_roguey, palyth_hydra_swamp_entry, dummy_snake_entry,
          small_statue_intersection, gammafunk_lair_bear_cave
Lair:3:   layout_roguey, enter_volcano_4, serial_bayou_lake_a
Volcano:  volcano_grotto [vgs_many_chambers]

Skill      XL: |  1  2  3  4  5  6  7  8  9 10 11 12 13 |
---------------+----------------------------------------+-----
Fighting       | 1 2 3 4 6 7 12 11 | 12.5
Spellcasting   | 3 4 5 7 8 10 11 | 11.7
Translocations | 1 2 3 4 6 |  6.8
Hexes          | 2 4 6 8 9 |  9.0
Invocations    | 1 2 3 4 5 6 10 12 11 | 12.1
Summonings     | 5 6 7 8 11 13 12 | 13.2
Dodging        | 4 6 7 |  7.4
Stealth        | |  2.6

Action                   |  1- 3 |  4- 6 |  7- 9 | 10-12 | 13-15 || total
-------------------------+-------+-------+-------+-------+-------++-------
Melee: Unarmed           |    84 |    95 |    83 |    86 |     7 ||   355
       Bite              |     8 |     8 |     9 |    14 |     1 ||    40
       Punch             |     2 |       |     1 |     2 |       ||     5
 Cast: Summon Small Mamm |     4 |     1 |    12 |    65 |    16 ||    98
       Call Imp          |     6 |    10 |    15 |    63 |    14 ||   108
       Call Canine Famil |     2 |    12 |    35 |    84 |    14 ||   147
       Summon Guardian G |       |     2 |    30 |    53 |    12 ||    97
       Blink             |       |     1 |     1 |     8 |     3 ||    13
       Summon Cactus Gia |       |       |       |    72 |    16 ||    88
       Summon Forest     |       |       |       |    36 |     6 ||    42
Invok: Recall Ancestor   |       |     3 |     5 |    18 |     1 ||    27
       Ancestor Life: He |       |     1 |       |       |       ||     1
       Transference      |       |       |     1 |       |       ||     1
       Idealise          |       |       |       |     1 |       ||     1
  Use: Scroll            |       |       |    11 |    15 |     2 ||    28
       Potion            |       |       |       |     8 |       ||     8
 Stab: Sleeping          |     5 |     8 |     2 |       |       ||    15
       Distracted        |       |     1 |     1 |     3 |       ||     5
       Confused          |       |       |     5 |       |       ||     5
Armor: Skin              |     2 |     4 |     6 |     4 |     3 ||    19
Dodge: Dodged            |    73 |    80 |    62 |   144 |    20 ||   379

Table legend: (Time is in decaauts)
 A = Elapsed time spent in this place.
 B = Non-inter-level travel time spent in this place.
 C = Inter-level travel time spent in this place.
 D = Time resting spent in this place.
 E = Time spent auto-exploring this place.
 F = Levels seen in this place.
 G = Mean time per level.
                   A        B        C        D        E       F      G
               +--------+--------+--------+--------+--------+-----+--------+
         Total |  17121 |  16384 |    737 |    822 |  11523 |  22 |  778.2 |
       Dungeon |  13863 |  13179 |    684 |    569 |   9458 |  15 |  924.2 |
          Lair |   1835 |   1783 |     52 |      2 |   1406 |   3 |  611.7 |
         Abyss |    134 |    134 |      0 |      0 |     94 |   1 |  134.0 |
       Ossuary |    701 |    701 |      0 |    167 |    287 |   1 |  701.0 |
        Bailey |    364 |    364 |      0 |      0 |    242 |   1 |  364.0 |
       Volcano |    221 |    221 |      0 |     84 |     35 |   1 |  221.0 |
               +--------+--------+--------+--------+--------+-----+--------+

Top non-repeatable levels by time:
     D:7: 1821 daAuts
     D:5: 1357 daAuts
     D:9: 1279 daAuts
    D:13: 1263 daAuts
  Lair:1: 965 daAuts
    D:14: 937 daAuts
    D:12: 924 daAuts
     D:6: 912 daAuts
  Lair:2: 785 daAuts
    D:11: 782 daAuts
     D:1: 724 daAuts
     D:3: 716 daAuts
 Ossuary: 701 daAuts
    D:10: 677 daAuts
     D:2: 645 daAuts
